 Dungeon Crawl Stone Soup version 0.22.1-2-g9c5b331383 (webtiles) character file.

32 Ivernyr the Gusty (level 3, -1/14 HPs)
             Began as a Felid Air Elementalist on Nov 17, 2018.
             Killed by divine providence
             ... invoked by an orc priest
              (15 damage)
             ... on level 2 of the Dungeon.
             The game lasted 00:03:06 (1147 turns).

Ivernyr the Gusty (Felid Air Elementalist)          Turns: 1147, Time: 00:03:07

Health: -1/14      AC:  1    Str:  4    XL:     3   Next: 8%
Magic:  2/7        EV: 18    Int: 17    God:
Gold:   47         SH:  4    Dex: 16    Spells: 3/6 levels left
                                        Lives:  0   Deaths: 0

rFire    . . .     SeeInvis +   (weapon unavailable)
rCold    . . .     Gourm    .   (shield unavailable)
rNeg     . . .     Faith    .   (armour unavailable)
rPois    .         Spirit   .   (helmet unavailable)
rElec    .         Reflect  +   (cloak unavailable)
rCorr    .         Harm     .   (gloves unavailable)
MR       .....                  (boots unavailable)
Stlth    +++.......             i - +4 amulet of reflection
HPRegen  0.04/turn              (no ring)
MPRegen  0.10/turn              (no ring)

@: quick
A: very small, no armour, no weapons or thrown items, stealth, claws 1, fangs 3,
see invisible, carnivore, speed 1, shaggy fur 1, slow metabolism 1, sharp paws
a: no special abilities


You were on level 2 of the Dungeon.
You were not hungry.

You visited 1 branch of the dungeon, and saw 2 of its levels.

You collected 47 gold pieces.

Inventory:

Jewellery
 i - a +4 amulet of reflection (around neck)
Scrolls
 a - a scroll of enchant weapon {unknown}
 c - a scroll of immolation {unknown}
 d - 2 scrolls of teleportation {unknown}
 f - a scroll of fog {unknown}
 h - a scroll of fear {unknown}
 j - a scroll of random uselessness {unknown}
Potions
 e - a potion of agility {unknown}
 g - a potion of heal wounds {unknown}
Comestibles
 b - 4 rations


   Skills:
 + Level 3.2 Dodging
 - Level 2.6 Stealth
 + Level 2.3 Spellcasting
 + Level 1.4 Conjurations
 * Level 3.2 Air Magic


You had 3 spell levels left.
You knew the following spells:

 Your Spells              Type           Power        Failure   Level  Hunger
a - Shock                 Conj/Air       #...         8%          1    #......
b - Swiftness             Chrm/Air       #.......     14%         2    ###....

Your spell library contained the following spells:

 Spells                   Type           Power        Failure   Level  Hunger
 Static Discharge         Conj/Air       #.......     22%         3    ###....
 Airstrike                Air            ##........   45%         4    #####..
 Lightning Bolt           Conj/Air       #.........   90%         5    ######.


Dungeon Overview and Level Annotations

Branches:
Dungeon (2/15)

Altars:
Nemelex Xobeh


Innate Abilities, Weirdness & Mutations

You cannot wear armour.
You are incapable of wielding weapons or throwing items.
Your paws allow you to move quietly. (Stealth)
You have sharp claws.
You have razor-sharp teeth.
You have supernaturally acute eyesight. (SInv)
You are carnivorous and can eat meat at any time.
You cover ground quickly.
You are covered in fur. (AC +1)
You have a slow metabolism.
Your sharp claws are effective at attacking unaware monsters.


Message History

Aiming: Shock (safe; 8% risk of failure)
Press: ? - help, Shift-Dir - straight line The zap hits the orc priest.
The orc priest is moderately wounded.
The zap hits the orc.
The orc appears unharmed.
The orc priest looks braver for a moment.
Casting: Shock (safe; 8% risk of failure)
Confirm with . or Enter, or press ? or * to list all spells.
Aiming: Shock (safe; 8% risk of failure)
Press: ? - help, Shift-Dir - straight line The zap misses the orc priest.
Casting: Shock (safe; 8% risk of failure)
Confirm with . or Enter, or press ? or * to list all spells.
Aiming: Shock (safe; 8% risk of failure)
Press: ? - help, Shift-Dir - straight line The zap misses the orc priest.
The orc priest calls down the wrath of Beogh upon you.
Beogh smites you!
Ouch! That really hurt!
You die...

.....#........###....###..
...........+.^.#...#...
...........###.#.....##
.........†.........##
#.........#.#.#..#
#.#.........#.#.#..#
#......#+##........#
#...#.##.##...#.#..# ...>
#@...##........#
#....oo...#######.#.##
#....oo...+ .#.#
+.........# #.........#
##....#.... #....#.....
#....#.....#


You could see an orc priest, an orc wizard and 2 orcs.

Vanquished Creatures
  A giant cockroach (D:2)
  3 goblins (D:1)
  5 hobgoblins
  4 jackals (D:1)
  5 kobolds (D:1)
  3 bats (D:1)
  5 frilled lizards (D:1)
  3 rats
29 creatures vanquished.

Notes
Turn   | Place    | Note
-------+----------+-------------------------------------------
     0 | D:1      | Ivernyr the Felid Air Elementalist began the quest for the
                  | Orb.
     0 | D:1      | Reached XP level 1. HP: 7/7 MP: 4/4
     5 | D:1      | Reached skill level 1 in Conjurations
   198 | D:1      | Reached XP level 2. HP: 11/11 MP: 4/6
   221 | D:1      | Learned a level 2 spell: Swiftness
   975 | D:2      | Reached XP level 3. HP: 14/14 MP: 4/7
  1053 | D:2      | Found a sparkling altar of Nemelex Xobeh.
  1147 | D:2      | Killed from afar by an orc priest

Skill      XL: |  1  2 |
---------------+-------+-----
Conjurations   | 1 |  1.4
Dodging        | 3 |  3.2
Air Magic      | 3 |  3.2
Stealth        | |  2.6
Spellcasting   | |  2.3

Action                   || total
-------------------------++-------
Melee: Unarmed           ||    23
 Cast: Shock             ||    53
Armor: Skin              ||     2
Dodge: Dodged            ||    27
